 Dungeon Crawl Stone Soup version 0.17-a0-1997-ga88ed7d (webtiles) character file.

9664 Ordine the Fighter (level 11, -4/86 HPs)
             Began as an Octopode Fighter on Oct 8, 2015.
             Was an Elder of Dithmenos.
             Slain by an orc warrior
             ... wielding a +0 halberd
              (18 damage)
             ... on level 10 of the Dungeon.
             The game lasted 00:47:17 (15163 turns).

Ordine the Fighter (Octopode Fighter)              Turns: 15163, Time: 00:47:17

Health: -4/86      AC:  2    Str: 21    XL:     11   Next: 50%
Magic:  0/11       EV: 10    Int:  9    God:    Dithmenos [****..]
Gold:   142        SH: 11    Dex: 14    Spells: 0 memorised, 10 levels left

rFire  . . .     SeeInvis .     v - +2 scimitar
rCold  . . .     Clarity  +     b - +2 shield
rNeg   . . .     SustAt   .     y - +1 hat of the Marlin {Stlth+}
rPois  .         Gourm    .     k - amulet of guardian spirit
rElec  .         Spirit   +     (no ring)
rCorr  .         Warding  .     (no ring)
rMut   .         Stasis   .     (no ring)
MR     +....                    (no ring)
Stlth  +++++.....               (no ring)
                                (no ring)
                                (no ring)
                                (no ring)

@: mighty, wreathed by umbra, drained, somewhat resistant to hostile
enchantments, quite stealthy
A: almost no armour, amphibious, 8 rings, constrict 8, camouflage 1, berserk 1,
clarity, dopey 1, magic resistance 1, wild magic 1, gelatinous body 1,
MP-powered wands
a: Shadow Step, Renounce Religion


You were on level 10 of the Dungeon.
You worshipped Dithmenos.
Dithmenos was greatly pleased with you.
You were not hungry.

You visited 2 branches of the dungeon, and saw 11 of its levels.

You collected 376 gold pieces.
You spent 234 gold pieces at shops.

Inventory:

Hand Weapons
 a - a +4 long sword
 v - a +2 scimitar (weapon)
Missiles
 e - 357 stones (quivered)
 l - 28 poisoned needles
 A - 4 tomahawks
Armour
 b - a +2 shield (worn)
 y - the +1 hat of the Marlin (worn) {Stlth+}
   (You bought it in a shop on level 7 of the Dungeon)

   It makes you more stealthy.
Jewellery
 k - an amulet of guardian spirit (around mantle)
Wands
 c - a wand of polymorph (16)
 p - a wand of disintegration (3)
 q - a wand of magic darts (27)
Scrolls
 o - 2 scrolls of remove curse
 s - 2 scrolls of teleportation
 w - a scroll of magic mapping
 x - a scroll of amnesia
Potions
 g - a potion of brilliance
 i - 2 potions of flight
 j - a potion of curing
 n - a potion of ambrosia
 r - a potion of might
 t - a potion of cure mutation {unknown}
Books
 u - a book of Envenomations

   Spells                             Type                      Level
   a - Spider Form                    Transmutation/Poison         3
   b - Alistair's Intoxication        Transmutation/Poison         4
   c - Olgreb's Toxic Radiance        Poison                       4
   d - Poisonous Cloud                Conjuration/Poison/Air       6
Comestibles
 d - 10 bread rations
 f - 2 slices of pizza
 h - a meat ration
 m - 3 beef jerkies
 z - 19 chunks of flesh


   Skills:
 + Level 12.6(11.6) Fighting
 + Level 12.4(11.3) Long Blades
 - Level 3.0(2.1) Dodging
 - Level 3.0(2.1) Shields


You had 10 spell levels left.
You didn't know any spells.

Dungeon Overview and Level Annotations

Branches:
Dungeon (10/15)            Temple (1/1) D:5            Lair (0/8) D:8
    Orc (0/4) D:10

Altars:
Ashenzari
Cheibriados
Dithmenos
Elyvilon
Fedhas
Gozag
Kikubaaqudgha
Makhleb
Nemelex Xobeh
Okawaru
Qazlal
Ru
Sif Muna
Trog
Vehumet
Xom
Yredelemnul
Zin
The Shining One
Lugonu

Shops:
D:7 *   D:8 (

Annotations:
D:8 SirDieALot's ghost, novice KoHu


Innate Abilities, Weirdness & Mutations

You cannot wear most types of armour.
You are amphibious.
You can wear up to eight rings at the same time.
You can use your tentacles to constrict eight enemies at once.
Your skin changes colour to match your surroundings (Stealth).
Your rubbery body absorbs attacks (AC +1).
You tend to lose your temper in combat.
You possess an exceptional clarity of mind.
You are dopey. (Int -2)
You are resistant to hostile enchantments.
Your spells are a little harder to cast, but a little more powerful.
You expend magic power (3 MP) to strengthen your wands.


Message History

You block the orc warrior's attack. The orc closely misses you.
You slash the orc!
You kill the orc!
Dithmenos accepts your kill. You block the orc warrior's attack.
The orc completely misses you. You block the orc's attack.
The orc warrior hits you with a halberd!!
* * * LOW HITPOINT WARNING * * *
An orc comes into view. It is wielding a short sword.
Items here: ( )))))))) [[[[ ††††††† The orc barely misses you.
The orc warrior barely misses you.
There is an open door, spattered with blood here.
You see here an ugly thing corpse.
You are too injured to fight recklessly!
You slice the orc!!
You kill the orc!
Dithmenos accepts your kill. The orc closely misses you.
The orc warrior hits you from afar with a halberd!!
You die...

#.. .8. ..# # #'###' #.o.#
#.oo# #..o## #'###†####
##@..# #.8.# #...####+#
##.##....# ##+###### #....#
#.......# ##)###########
#.......#####))).........####
+.......'..##..).........).#.
#.......##..'.)..........#.'.


You could see an orc warrior and 3 orcs.

Vanquished Creatures
  An ugly thing (D:10)
  Maurice (D:9)
  Psyche (D:9)
  A slime creature (D:6)
  Sigmund (D:3)
  A deep elf mage (D:9)
  11 yaks
  A spriggan (D:7)
  3 basilisks (D:8)
  2 wyverns (D:9)
  2 hungry ghosts
  A porcupine (D:7)
  2 water moccasins (D:9)
  5 orc warriors
  5 ice beasts
  2 sky beasts
  4 ogres
  2 black bears
  5 centaurs
  4 crocodiles (D:8)
  The ghost of alpinistek the Magician, an amateur DsWz (D:4)
  4 giant frogs
  A wyvern skeleton (D:9)
  2 scorpions (D:9)
  6 wights
  6 hounds
  6 crimson imps
  14 jellies
  4 orc priests
  11 orc wizards
  A centaur skeleton (D:8)
  Natasha (twice) (D:3)
  2 iguanas
  8 worker ants
  2 killer bee zombies
  2 worker ant zombies
  14 adders
  7 gnolls
  5 river rats (D:8)
  3 shadow imps
  11 oozes (D:6)
  An adder zombie (D:5)
  4 worms
  8 giant geckos
  49 orcs
  4 giant cockroaches
  9 goblins
  9 hobgoblins
  6 quokkas
  3 ball pythons
  9 bats
  9 giant newts
  8 jackals
  A jackal skeleton (D:4)
  8 kobolds
  A quokka zombie (D:6)
  11 rats
307 creatures vanquished.

Vanquished Creatures (others)
  6 fungi
  7 plants (D:8)
13 creatures vanquished.

Grand Total: 320 creatures vanquished

Notes
Turn   | Place    | Note
--------------------------------------------------------------
     0 | D:1      | Ordine the Octopode Fighter began the quest for the Orb.
     0 | D:1      | Reached XP level 1. HP: 16/16 MP: 1/1
   274 | D:1      | Reached XP level 2. HP: 21/21 MP: 2/2
  1236 | D:1      | Reached XP level 3. HP: 26/26 MP: 3/3
  1795 | D:2      | Found a glowing golden altar of the Shining One.
  1933 | D:2      | Reached XP level 4. HP: 29/33 MP: 4/4
  2027 | D:2      | Noticed a moth of wrath
  2031 | D:2      | Found a bloodstained altar of Trog.
  2041 | D:2      | Reached skill level 4 in Fighting
  2706 | D:3      | Reached XP level 5. HP: 32/38 MP: 3/5
  2937 | D:3      | Noticed Natasha
  2944 | D:3      | Killed Natasha
  3136 | D:3      | Found a shadowy altar of Dithmenos.
  3202 | D:3      | Found an opulent altar of Gozag.
  3210 | D:3      | Found a sacrificial altar of Ru.
  3213 | D:3      | Found a blossoming altar of Fedhas.
  3267 | D:3      | Found a radiant altar of Vehumet.
  3267 | D:3      | Found an iron altar of Okawaru.
  3314 | D:2      | Found an ancient bone altar of Kikubaaqudgha.
  3375 | D:3      | Noticed Sigmund
  3379 | D:3      | Killed Sigmund
  3379 | D:3      | Reached skill level 5 in Fighting
  3379 | D:3      | Reached XP level 6. HP: 30/45 MP: 4/6
  3510 | D:3      | Noticed Natasha
  3517 | D:3      | Killed Natasha
  3991 | D:4      | Reached skill level 5 in Long Blades
  4125 | D:4      | Found a burning altar of Makhleb.
  4192 | D:4      | Reached skill level 6 in Fighting
  4192 | D:4      | Reached XP level 7. HP: 38/52 MP: 4/7
  4197 | D:4      | Gained mutation: You possess an exceptional clarity of mind. [mutagenic meat]
  4198 | D:4      | Gained mutation: You are resistant to hostile enchantments. [mutagenic meat]
  4200 | D:4      | Gained mutation: You are frail (-10% HP). [mutagenic meat]
  4201 | D:4      | Lost mutation: You are frail (-10% HP). [mutagenic meat]
  4326 | D:4      | Noticed alpinistek's ghost (amateur DsWz)
  4332 | D:4      | Killed alpinistek's ghost
  5044 | D:3      | Became a worshipper of Dithmenos the Shadowed
  5190 | D:5      | Entered Level 5 of the Dungeon
  5295 | D:5      | Found a stormy altar of Qazlal.
  5747 | D:5      | Reached skill level 7 in Fighting
  5747 | D:5      | Reached XP level 8. HP: 38/60 MP: 5/8
  5788 | D:5      | Found a staircase to the Ecumenical Temple.
  6063 | Temple   | Entered the Ecumenical Temple
  6892 | D:6      | Found a blossoming altar of Fedhas.
  7075 | D:6      | Noticed a slime creature
  7092 | D:6      | Killed a slime creature
  7092 | D:6      | Reached skill level 8 in Fighting
  7106 | D:6      | Reached XP level 9. HP: 38/67 MP: 4/9
  7508 | D:6      | Reached skill level 9 in Fighting
  7563 | D:6      | Gained mutation: Your spells are a little harder to cast, but a little more powerful. [mutagenic meat]
  7564 | D:6      | Gained mutation: You are dopey. (Int -2) [mutagenic meat]
  7565 | D:6      | Gained mutation: You tend to lose your temper in combat. [mutagenic meat]
  7566 | D:6      | Lost mutation: You are dopey. (Int -2) [mutagenic meat]
  7568 | D:6      | Gained mutation: You expend magic power (3 MP) to strengthen your wands. [mutagenic meat]
  8195 | D:7      | Acquired Dithmenos's first power
  8640 | D:7      | Found Qykobir's Assorted Antiques.
  8727 | D:7      | Reached skill level 10 in Fighting
  9185 | D:8      | Reached XP level 10. HP: 56/76 MP: 3/10
  9191 | D:8      | Reached skill level 10 in Long Blades
  9406 | D:7      | Bought a pitted hat for 234 gold pieces
  9411 | D:7      | Identified the +1 hat of the Marlin {Stlth+} (You bought it in a shop on level 7 of the Dungeon)
  9456 | D:8      | Found Lil Godd's Antique Weapon Emporium.
 10362 | D:8      | Noticed SirDieALot's ghost (novice KoHu)
 10366 | D:8      | Reached skill level 11 in Fighting
 10720 | D:8      | Found a staircase to the Lair.
 11686 | D:8      | Found a glowing silver altar of Zin.
 11918 | D:8      | Acquired Dithmenos's second power
 12115 | D:8      | Gained mutation: You are dopey. (Int -2) [potion of mutation]
 12206 | D:8      | Found a shimmering altar of Xom.
 12596 | D:9      | Noticed Maurice
 12609 | D:9      | Killed Maurice
 12609 | D:9      | Reached XP level 11. HP: 60/85 MP: 8/11
 13056 | D:9      | Reached skill level 12 in Fighting
 13163 | D:9      | Noticed Psyche
 13171 | D:9      | Killed Psyche
 14702 | D:10     | Entered Level 10 of the Dungeon
 14786 | D:10     | Acquired Dithmenos's third power
 15129 | D:10     | Found a staircase to the Orcish Mines.
 15163 | D:10     | Slain by an orc warrior

Vault maps used:
D:1:      dpeg_arrival_chase
D:2:      lemuel_upstairs_altar, tgw_trog, nicolae_tso_swordbearing_angel,
          first_bread, kennysheep_nondescript
D:3:      grunt_temple_overflow_diamond, nicolae_overflow_hidden_temple,
          uniq_sigmund, uniq_natasha
D:4:      makhleb_blood_cavern_becter, minivault_1
D:5:      overflow_temple_1_default, minmay_temple_entry_trees, hex_large
D:6:      lemuel_slime, fedhas_altar_4
D:7:      the_bakery, minmay_misc_feat_diagonals, kennysheep_small_square
D:8:      zin_scriptorium, minmay_lair_entry_grove, serial_shops, shop,
          basic_altar
D:9:      uniq_maurice, uniq_psyche
D:10:     hiddenorc2_lemuel, uniq_urug
Temple:   corrupted_temple

Action                   |  1- 3 |  4- 6 |  7- 9 | 10-12 || total
-------------------------+-------+-------+-------+-------++-------
Melee: Long sword        |    79 |   111 |   230 |   337 ||   757
       Scimitar          |       |       |       |    73 ||    73
Throw: Stone             |       |     1 |    10 |    28 ||    39
       Throwing net      |       |       |       |     3 ||     3
Evoke: Wand              |       |       |     7 |    16 ||    23
  Use: Scroll            |     2 |     9 |    11 |     5 ||    27
       Potion            |       |     1 |     6 |     7 ||    14
 Stab: Sleeping          |     3 |     5 |     6 |     9 ||    23
       Distracted        |       |       |       |     2 ||     2
       Held in net/web   |       |       |       |     2 ||     2
  Eat: Chunk             |     3 |     7 |    25 |    17 ||    52
       Fruit             |       |       |     1 |       ||     1
       Beef jerky        |       |       |       |     3 ||     3
